 Dungeon Crawl Stone Soup version 0.21-a0-257-gbb444f2 (webtiles) character file.

69 AvylaarBelgium the Firebug (level 4, -4/24 HPs)
             Began as a Deep Elf Fire Elementalist on Sept 6, 2017.
             Slain by a gnoll
             ... wielding a +1 whip of freezing
              (8 damage)
             ... on level 2 of the Dungeon.
             The game lasted 00:03:13 (1537 turns).

AvylaarBelgium the Firebug (DEFE)                   Turns: 1537, Time: 00:03:13

Health: -4/24      AC:  2    Str:  5    XL:     4   Next: 2%
Magic:  4/11       EV: 13    Int: 21    God:
Gold:   34         SH:  0    Dex: 15    Spells: 4/10 levels left

rFire    . . .     SeeInvis .   e - +2 whip (pain)
rCold    . . .     Gourm    .   (no shield)
rNeg     . . .     Faith    .   a - +0 robe
rPois    .         Spirit   .   (no helmet)
rElec    .         Reflect  .   (no cloak)
rCorr    .         Harm     .   (no gloves)
MR       .....                  (no boots)
Stlth    ++........             (no amulet)
HPRegen  0.08/turn              (no ring)
MPRegen  0.12/turn              (no ring)

@: no status effects
A: no striking features
a: no special abilities


You were on level 2 of the Dungeon.
You were hungry.

You visited 1 branch of the dungeon, and saw 2 of its levels.

You collected 34 gold pieces.

Inventory:

Hand Weapons
 e - a +2 whip of pain (weapon)
Armour
 a - a +0 robe (worn)
Scrolls
 d - 2 scrolls of remove curse {unknown}
 f - a scroll of identify {unknown}
Potions
 g - a potion of ambrosia {unknown}
 h - a potion of brilliance {unknown}
 k - a potion of might {unknown}
Books
 b - a book of Flames

   Spells                             Type                      Level
   a - Flame Tongue                   Conjuration/Fire             1
   b - Throw Flame                    Conjuration/Fire             2
   c - Conjure Flame                  Conjuration/Fire             3
   d - Inner Flame                    Hexes/Fire                   3
   e - Sticky Flame                   Conjuration/Fire             4
   f - Fireball                       Conjuration/Fire             5
Comestibles
 c - 2 bread rations
 j - a royal jelly


   Skills:
 - Level 2.4 Dodging
 - Level 2.4 Stealth
 + Level 3.9 Spellcasting
 + Level 3.0 Conjurations
 + Level 4.0 Fire Magic


You had 4 spell levels left.
You knew the following spells:

 Your Spells              Type           Power        Failure   Level  Hunger
a - Flame Tongue          Conj/Fire      ###..        2%          1    None
b - Throw Flame           Conj/Fire      ###...       4%          2    #......
c - Conjure Flame         Conj/Fire      ###.....     9%          3    ###....


Dungeon Overview and Level Annotations

Branches:
Dungeon (2/15)

Altars:


Message History

You see here a rat corpse.
The gnoll shouts!
The gnoll hits you with a whip of freezing.
The gnoll freezes you.
Casting: Flame Tongue
Confirm with . or Enter, or press ? or * to list all spells.
Aiming: Flame Tongue
Press: ? - help, Shift-Dir - straight line, f - gnoll
Aim: a gnoll, wielding a whip of freezing The flame tongue hits the gnoll.
The gnoll is moderately wounded.
The gnoll hits you with a whip of freezing!
* * * LOW HITPOINT WARNING * * *
The gnoll freezes you.
* * * LOW HITPOINT WARNING * * *
Press: ? - help, v - describe, . - travel
Here: a gnoll, wielding a whip of freezing (moderately wounded)
The floor.
The gnoll hits you with a whip of freezing!
You die...

#.## ##...#.# #.#
#..### ###..#.#.#
#.###### ##...#
#...##.#.# #......#
###.## ##.####...#
#....#.####
#..#+#..# ##..#
#.#<.......
##.....##
#..>####.##>##.###
###.###
#.###....##.#....#
#.# #g#
#.#####.#..#.# #.#
#@###.# #....#.# #.#
#.....### ###.##.#
#.#######....##.#
#.##.#
#............##<#
#.##.#
#######(.....##.#
#.##.# #......##.#
#.##..
#..)...##.#####.####
#......##.....#.#
###....######.#.#


You could see a gnoll.

Vanquished Creatures
  2 gnolls (D:2)
  2 dart slugs (D:1)
  A leopard gecko (D:2)
  A giant cockroach (D:1)
  3 goblins (D:1)
  5 hobgoblins
  6 jackals (D:2)
  4 kobolds (D:1)
  A quokka (D:2)
  2 ball pythons
  4 bats (D:1)
  3 frilled lizards (D:1)
  8 rats
42 creatures vanquished.

Notes
Turn   | Place    | Note
-------+----------+-------------------------------------------
     0 | D:1      | AvylaarBelgium the Deep Elf Fire Elementalist began the quest for the Orb.
     0 | D:1      | Reached XP level 1. HP: 10/10 MP: 6/6
   416 | D:1      | Reached XP level 2. HP: 11/15 MP: 5/8
   705 | D:1      | Reached XP level 3. HP: 19/19 MP: 7/10
  1192 | D:2      | Learned a level 2 spell: Throw Flame
  1433 | D:2      | Reached skill level 4 in Fire Magic
  1442 | D:2      | Learned a level 3 spell: Conjure Flame
  1491 | D:2      | Reached XP level 4. HP: 24/24 MP: 1/11
  1537 | D:2      | Slain by a gnoll

Vault maps used:
D:1:      dpeg_arrival_chase, hangedman_decor_growths, nrook_mini_backslash
D:2:      cheibrodos_greedy_goblins, nicolae_overflow_hidden_temple,
          fedhas_altar_3, uniq_terence

Skill      XL: |  1  2  3 |
---------------+----------+-----
Conjurations   | 2 3 |  3.0
Fire Magic     | 4 |  4.0
Dodging        | |  2.4
Stealth        | |  2.4
Spellcasting   | |  3.9

Action                   |  1- 3 |  4- 6 || total
-------------------------+-------+-------++-------
Melee: Unarmed           |     4 |       ||     4
       Whip              |     3 |       ||     3
 Cast: Flame Tongue      |    77 |     4 ||    81
       Throw Flame       |     2 |       ||     2
       Conjure Flame     |     1 |       ||     1
 Stab: Sleeping          |     1 |       ||     1
  Eat: Chunk             |     1 |       ||     1
Armor: Robe              |     5 |       ||     5
Dodge: Dodged            |    33 |       ||    33

Table legend:
 A = Spawn XP
 B = Non-spawn XP
 C = Spawn XP percentage of total XP
 D = Spawn monster count
 E = Non-spawn monster count
 F = Spawn count percentage of total count
 G = Total turns spent on level
                    A         B        C        D         E        F      G
               +---------+---------+-------+---------+---------+-------+---------
         Total |       0 |      99 |   0.0 |       0 |      42 |   0.0 |  1537
               +---------+---------+-------+---------+---------+-------+---------
           D:1 |       0 |      47 |   0.0 |       0 |      27 |   0.0 |  1104
           D:2 |       0 |      52 |   0.0 |       0 |      15 |   0.0 |   433
               +---------+---------+-------+---------+---------+-------+---------
